 Dungeon Crawl Stone Soup version 0.28.0-47-ge53b351184 (webtiles) character file.

Game seed: 17587510736936309963

436 NinjaNoafa the Gusty (level 6, 0/51 HPs)
             Began as a Draconian Air Elementalist on Apr 30, 2022.
             Succumbed to a water moccasin's poison
             ... on level 4 of the Dungeon.
             The game lasted 00:10:37 (5045 turns).

NinjaNoafa the Gusty (Draconian Air Elementalist)   Turns: 5045, Time: 00:10:38

Health: 0/51       AC: 12    Str: 10    XL:     6   Next: 69%
Magic:  6/10       EV: 12    Int: 18    God:
Gold:   198        SH:  0    Dex: 11    Spells: 7/10 levels left

rFire   . . .      SeeInvis .   i - staff of conjuration
rCold   . . .      Faith    .   (no shield)
rNeg    . . .      Spirit   .   (armour unavailable)
rPois   .          Reflect  .   (helmet restricted)
rElec   .          Harm     .   g - +0 cloak
rCorr   .          Rampage  .   (no gloves)
Will    .....                   a - +0 pair of boots
Stlth   ++........              (no amulet)
HPRegen 0.17/turn               o - +4 ring of protection
MPRegen 0.12/turn               (no ring)

@: lethally poisoned (0 -> -10)
A: AC +6, unfitting armour, cold-blooded
a: no special abilities


You were on level 4 of the Dungeon.
You visited 1 branch of the dungeon, and saw 4 of its levels.

You collected 198 gold pieces.

Inventory:

Hand Weapons
 c - a +4 quarterstaff of chaos
Missiles
 f - 85 stones
 l - 2 boomerangs
 m - a throwing net
Armour
 a - a +0 pair of boots (worn)
 g - a +0 cloak (worn)
Magical Staves
 i - a staff of conjuration (weapon)
Jewellery
 o - a +4 ring of protection (left hand)
Wands
 e - a wand of flame (8)
 k - a wand of acid (11)
Scrolls
 h - 2 scrolls of noise


   Skills:
 + Level 3.3 Fighting
 - Level 2.6 Dodging
 - Level 2.0 Stealth
 - Level 2.9 Spellcasting
 - Level 3.1 Conjurations
 - Level 4.1 Air Magic
 + Level 2.4 Evocations


You had 7 spell levels left.
You knew the following spells:

 Your Spells              Type           Power      Damage    Failure   Level
a - Shock                 Conj/Air       92%        1d8       3%          1
b - Static Discharge      Conj/Air       23%        N/A       5%          2

Your spell library contained the following spells:

 Spells                   Type           Power      Damage    Failure   Level
 Swiftness                Air            17%        N/A       9%          3
 Airstrike                Air            8%         N/A       30%         4


Dungeon Overview and Level Annotations

Branches:
Dungeon (4/15)
 Temple: D:4-7

Altars:

Shops:
D:2 !


Innate Abilities, Weirdness & Mutations

Your plain brown scales are hard. (AC +6)
You cannot fit into any form of body armour.
You are cold-blooded and may be slowed by cold attacks.


Message History

The water moccasin is struck by an arc of lightning.
The water moccasin is moderately wounded.
The gnoll shaman is struck by an arc of lightning.
You kill the gnoll shaman!
The lightning grounds out.
The water moccasin bites you but does no damage.
The water moccasin misses you.
As you read the scroll of fog, it crumbles to dust.
The scroll dissolves into smoke.
The water moccasin bites you but does no damage.
You aren't carrying any potions.
Casting: Static Discharge (safe; 5% risk of failure)
Confirm with . or Enter, or press ? or * to list all spells.
You feel a surge of power!
The water moccasin is struck by an arc of lightning!
The water moccasin is heavily wounded.
You are struck by an arc of lightning.
The lightning grounds out.
The water moccasin bites you but does no damage.
Casting: Static Discharge (safe; 5% risk of failure)
Confirm with . or Enter, or press ? or * to list all spells.
Aiming: Shock (safe; 3% risk of failure)
Press: ? - help, Shift-Dir - straight line, f - water moccasin
Aim: a water moccasin (grey smoke, heavily wounded, 57% to hit)
You feel a surge of power!
The zap hits the water moccasin.
The water moccasin is severely wounded.
The water moccasin bites you. x2
You hit the water moccasin but do no damage.
The water moccasin is severely wounded.
The water moccasin bites you but does no damage.
The water moccasin bites you!
* * * LOW HITPOINT WARNING * * *
You are lethally poisoned!
The water moccasin poisons you!
* * * LOW HITPOINT WARNING * * *
You feel very sick.
* * * LOW HITPOINT WARNING * * *
You feel very sick. The water moccasin closely misses you.
You see here a jackal corpse.
You die...

..######g.##.####...#...#
....(.....##...........##
...##.|..####.#..<..(..# # .
.####.....##..#...^....#.#....
. #.........##...........(## .
#.###.###.###............### .
#.#.....#..........#.......# .
..#.....#.##§##..#.#......##.
...........§.@...##...........
..#.#.>...#)§§§§..#####........
#.#.....#§§§S§§§#..##))#...# .
###.###.§#§§§........##..##
........##§§####.....#.....
#.g......§§§§####.##........
#..##....§§.§.##.#.........
#..........§...)<.))......#
#...[..........[.##.)..###..


You could see a water moccasin.

Vanquished Creatures
  A scorpion (D:4)
  A hound (D:3)
  A gnoll shaman (D:4)
  Crazy Yiuf (D:2)
  Ijyb (D:3)
  Terence (D:2)
  Robin (D:3)
  8 gnolls (D:4)
  A howler monkey skeleton (D:4)
  An adder (D:2)
  A worm (D:3)
  4 dart slugs
  10 orcs
  3 endoplasms
  19 goblins
  10 hobgoblins
  4 jackals (D:4)
  8 kobolds
  5 quokkas
  8 ball pythons
  5 bats
  6 frilled lizards
  9 rats
109 creatures vanquished.

Vanquished Creatures (others)
  10 plants (D:2)
10 creatures vanquished.

Grand Total: 119 creatures vanquished

Notes
Turn   | Place    | Note
-------+----------+-------------------------------------------
     0 | D:1      | NinjaNoafa the Draconian Air Elementalist began the quest
                  | for the Orb.
     0 | D:1      | Reached XP level 1. HP: 14/14 MP: 3/3
   347 | D:1      | Reached XP level 2. HP: 20/20 MP: 0/5
   509 | D:1      | Found a faded altar of an unknown god.
   965 | D:1      | Reached XP level 3. HP: 26/26 MP: 2/6
  1962 | D:2      | Noticed Terence
  1973 | D:2      | Killed Terence
  1974 | D:2      | Reached XP level 4. HP: 19/33 MP: 1/7
  2195 | D:2      | Found Tycatyap's Distillery.
  2250 | D:2      | Found a runed translucent door.
  2251 | D:2      | Noticed Crazy Yiuf
  2832 | D:2      | Killed Crazy Yiuf
  2985 | D:3      | Noticed Robin
  3226 | D:3      | Learned a level 2 spell: Static Discharge
  3290 | D:3      | Killed Robin
  3291 | D:3      | Reached XP level 5. HP: 38/38 MP: 3/9
  3300 | D:3      | Noticed Ijyb
  3312 | D:3      | Killed Ijyb
  3313 | D:3      | Reached skill level 4 in Air Magic
  3619 | D:3      | Reached skill level 1 in Fighting
  4385 | D:4      | Reached XP level 6. HP: 31/48 MP: 1/10
  4389 | D:4      | Reached skill level 1 in Evocations
  4670 | D:4      | Noticed a water moccasin
  5045 | D:4      | Succumbed to a water moccasin's poison

Illustrated notes

Levels and vault maps discovered:
D:1:      minmay_arrival_doors, layout_basic,
          hellmonk_ecumenical_altar_pennies_from_heaven,
          hangedman_decor_riveting
D:2:      layout_loops_ring, serial_shops, shop, serial_bayou,
          serial_bayou_pond_b, serial_bayou_shore_a, serial_bayou_crossing,
          serial_bayou_pond_a, kennysheep_big_empty_room, uniq_terence,
          uniq_crazy_yiuf_cottage
D:3:      minmay_chambers_of_twos, layout_basic, uniq_robin, uniq_ijyb
D:4:      layout_cave_pools, st_stairs_3, kennysheep_generic_room_5, uniq_edmund

Skill      XL: |  1  2  3  4  5  6 |
---------------+-------------------+-----
Stealth        | 2 |  2.0
Dodging        | 2 |  2.6
Conjurations   | 2 3 |  3.1
Air Magic      | 4 |  4.1
Fighting       | 2 3 |  3.3
Evocations     | 2 |  2.4
Spellcasting   | |  2.9

Action                   |  1- 3 |  4- 6 || total
-------------------------+-------+-------++-------
Melee: Rapier            |    30 |     2 ||    32
       Unarmed           |     3 |       ||     3
       Quarterstaff      |       |    34 ||    34
       Tailslap          |       |    10 ||    10
       Staff             |       |    38 ||    38
       Punch             |       |     2 ||     2
Throw: Boomerang         |       |     3 ||     3
 Cast: Shock             |    70 |   109 ||   179
       Static Discharge  |       |    11 ||    11
Evoke: Wand              |       |     4 ||     4
  Use: Potion            |       |     9 ||     9
       Scroll            |       |     9 ||     9
Armor: Skin              |    21 |    70 ||    91
Dodge: Dodged            |    33 |   105 ||   138
